 Dungeon Crawl Stone Soup version 0.21-a0-361-g4efd3f9 (webtiles) character file.

68 tidbits the Charmwright (level 4, 29/38 HPs)
             Began as a Gnoll Skald on Oct 13, 2017.
             Quit the game on level 2 of the Dungeon.
             The game lasted 00:03:16 (561 turns).

tidbits the Charmwright (Gnoll Skald)                Turns: 561, Time: 00:03:17

Health: 29/38      AC:  3    Str: 13    XL:     4   Next: 19%
Magic:  1/11       EV: 14    Int: 17    God:
Gold:   24         SH:  0    Dex: 14    Spells: 2/13 levels left

rFire    . . .     SeeInvis .   a - +0 hand axe
rCold    . . .     Gourm    .   (no shield)
rNeg     . . .     Faith    .   b - +0 leather armour
rPois    .         Spirit   .   (no helmet)
rElec    .         Reflect  .   (no cloak)
rCorr    .         Harm     .   (no gloves)
MR       .....                  (no boots)
Stlth    +.........             (no amulet)
HPRegen  0.12/turn              (no ring)
MPRegen  0.12/turn              (no ring)

@: infused (expiring)
A: distributed training, fangs 1, strong nose
a: no special abilities


You were on level 2 of the Dungeon.
You were not hungry.

You visited 1 branch of the dungeon, and saw 3 of its levels.

You collected 24 gold pieces.

Inventory:

Hand Weapons
 a - a +0 hand axe (weapon)
 i - a +0 mace of draining
   (You found it on level 1 of the Dungeon)
 l - a +0 hunting sling
Missiles
 f - 56 sling bullets
 g - 67 arrows
 k - 2 javelins (quivered)
 m - 9 stones
 n - 4 tomahawks
Armour
 b - a +0 leather armour (worn)
Wands
 p - a wand of random effects (29/48)
Scrolls
 e - a scroll of teleportation {unknown}
 o - a scroll of enchant weapon {unknown}
 q - a scroll of identify {unknown}
 r - a scroll of remove curse {unknown}
 s - a scroll of noise {unknown}
Potions
 j - a potion of curing {unknown}
Books
 c - a book of Battle

   Spells                             Type                      Level
   a - Infusion                       Charms                       1
   b - Shroud of Golubria             Charms/Translocation         2
   c - Song of Slaying                Charms                       2
   d - Spectral Weapon                Hexes/Charms                 3
   e - Regeneration                   Charms/Necromancy            3
Comestibles
 d - a bread ration
 h - a meat ration


   Skills:
 + Level 4.6 Fighting
 + Level 1.0 Short Blades
 + Level 1.0 Long Blades
 + Level 4.6 Axes
 + Level 1.0 Maces & Flails
 + Level 1.0 Polearms
 + Level 1.0 Staves
 + Level 1.0 Slings
 + Level 1.0 Bows
 + Level 1.0 Crossbows
 + Level 1.0 Throwing
 + Level 2.7 Armour
 + Level 4.6 Dodging
 + Level 1.0 Stealth
 + Level 1.0 Shields
 + Level 1.0 Unarmed Combat
 + Level 5.0 Spellcasting
 + Level 0.8 Conjurations
 + Level 0.8 Hexes
 + Level 5.4 Charms
 + Level 0.8 Summonings
 + Level 0.8 Necromancy
 + Level 0.8 Translocations
 + Level 0.8 Transmutations
 + Level 0.8 Fire Magic
 + Level 0.8 Ice Magic
 + Level 0.8 Air Magic
 + Level 0.8 Earth Magic
 + Level 0.8 Poison Magic
 + Level 1.1 Invocations
 + Level 1.0 Evocations


You had 2 spell levels left.
You knew the following spells:

 Your Spells              Type           Power        Failure   Level  Hunger
g - Shroud of Golubria    Chrm/Tloc      ###.......   8%          2    #......
i - Infusion              Chrm           ###.         1%          1    None
r - Regeneration          Chrm/Necr      ###.......   14%         3    ###....
w - Spectral Weapon       Hex/Chrm       ###.....     14%         3    ###....
y - Song of Slaying       Chrm           ###.....     2%          2    #......


Dungeon Overview and Level Annotations

Branches:
Dungeon (3/15)

Altars:


Innate Abilities, Weirdness & Mutations

Your experience applies equally to all skills.
You have very sharp teeth.
Your uncanny sense of smell can sniff out nearby items.


Message History

Casting: Spectral Weapon
Confirm with . or Enter, or press ? or * to list all spells.
You begin infusing your attacks with magical energy.
The bat misses you.
You barely miss the bat. The bat completely misses you.
You completely miss the bat. The bat hits you but does no damage.
You closely miss the bat. The bat barely misses you.
You hit the bat. You bite the bat.
The bat is severely wounded.
The bat hits you but does no damage.
You hit the bat.
You kill the bat!
A goblin comes into view.
Found a scroll labeled ENARUUMI TIKE.
The helpless goblin fails to defend itself.
You hit the goblin.
You kill the goblin!
You have reached level 4!
You feel clever.
You see here a scroll labeled ENARUUMI TIKE.
r - a scroll labeled ENARUUMI TIKE Your magical infusion is running out.
Found a stone staircase leading up.
You are no longer magically infusing your attacks.
There is a stone staircase leading up here.
Found a scroll labeled NUFRUAHELI.
There is a stone staircase leading up here.
You climb upwards.
A leopard gecko comes into view.
Found a scroll labeled CAFA MOCRUQIXE.
There is a stone staircase leading down here.
The helpless leopard gecko fails to defend itself.
You slash the leopard gecko!
You kill the leopard gecko!
You see here a scroll labeled CAFA MOCRUQIXE.
s - a scroll labeled CAFA MOCRUQIXE
Found a falchion.
A hobgoblin and a zombie come into view.
The hobgoblin shouts!
The jackal zombie moves out of view.
A leopard gecko and a skeleton come into view.
The leopard gecko hisses angrily.
A bat skeleton comes into view.
A bat skeleton comes into view.
The jackal zombie misses you. The quokka skeleton misses you.
Casting: Infusion
Confirm with . or Enter, or press ? or * to list all spells.
You begin infusing your attacks with magical energy.
The jackal zombie bites you. The quokka skeleton barely misses you.
The jackal zombie bites you but does no damage.
You hit the jackal zombie!
You destroy the jackal zombie!
You hit the quokka skeleton. You hit the hobgoblin.
The bat skeleton barely misses you. The hobgoblin completely misses you.
The quokka skeleton closely misses you. The bat skeleton hits you.
You closely miss the hobgoblin.
The hobgoblin is almost dead.
You barely miss the bat skeleton. You closely miss the quokka skeleton.
The bat skeleton closely misses you.
The bat skeleton hits you but does no damage.
The hobgoblin hits you with a club. The quokka skeleton closely misses you.
The bat skeleton closely misses you.
You hit the hobgoblin.
You kill the hobgoblin!
You barely miss the bat skeleton. You hit the quokka skeleton!
You destroy the quokka skeleton!
The bat skeleton hits you but does no damage.
The bat skeleton hits you. The bat skeleton misses you. x2
The bat skeleton barely misses you.
A quokka zombie comes into view.
You completely miss the leopard gecko. You closely miss the bat skeleton.
You hit the bat skeleton!
You destroy the bat skeleton!
The bat skeleton hits you but does no damage.
The bat skeleton hits you. The leopard gecko barely misses you.
The bat skeleton completely misses you.
You closely miss the leopard gecko. You hit the bat skeleton.
The bat skeleton hits you. The bat skeleton closely misses you.
The leopard gecko misses you. The bat skeleton barely misses you.
The leopard gecko closely misses you.
You hit the bat skeleton!
You destroy the bat skeleton!
You miss the leopard gecko.
The leopard gecko bites you but does no damage.
You miss the leopard gecko. The leopard gecko bites you.
You hit the leopard gecko.
You kill the leopard gecko!
You hit the quokka zombie.
The quokka zombie is severely damaged.
The quokka zombie bites you.
You hit the quokka zombie.
You destroy the quokka zombie!
No target in view!
Found a black potion.
A frilled lizard comes into view.
A giant cockroach zombie comes into view.
An adder and a zombie come into view.
Your magical infusion is running out.
A bat comes into view.
Are you sure you want to abandon this character and quit the game? (Confirm with "yes".)

.. ∆.. .# ..#
.##..# ### b#...#
#.# ... ..S..#
#.# #.###..!..#
#.# #.##Zl....##
### #.#
#.##@.Z....# ..#
#.#
#####..........#
#.# #.#
#.....#.######.#
#.###.# #.....#.#
>..##.###.....#.#
#..........PP...#
#.###....)......#
#.# ##########..#
#.# #..#


You could see an adder, a jackal zombie, a giant cockroach zombie, a bat and a
frilled lizard.

Vanquished Creatures
  Jessica (D:3)
  A dart slug (D:2)
  2 leopard geckos (D:2)
  An orc (D:3)
  4 bats
  2 bat skeletons (D:2)
  3 giant cockroaches
  7 goblins
  3 hobgoblins
  2 kobolds
  A ball python (D:3)
  A frilled lizard (D:1)
  A jackal zombie (D:2)
  A quokka skeleton (D:2)
  A quokka zombie (D:2)
  2 rats (D:1)
33 creatures vanquished.

Notes
Turn   | Place    | Note
-------+----------+-------------------------------------------
     0 | D:1      | tidbits the Gnoll Skald began the quest for the Orb.
     0 | D:1      | Reached XP level 1. HP: 20/20 MP: 6/6
   123 | D:1      | Reached XP level 2. HP: 26/26 MP: 2/7
   345 | D:2      | Reached XP level 3. HP: 30/31 MP: 3/9
   353 | D:2      | Learned a level 2 spell: Song of Slaying
   356 | D:2      | Learned a level 2 spell: Shroud of Golubria
   360 | D:2      | Learned a level 3 spell: Regeneration
   364 | D:2      | Learned a level 3 spell: Spectral Weapon
   385 | D:3      | Noticed Jessica
   390 | D:3      | Reached skill level 5 in Spellcasting
   399 | D:3      | Killed Jessica
   399 | D:3      | Reached skill level 1 in Short Blades
   399 | D:3      | Reached skill level 1 in Long Blades
   399 | D:3      | Reached skill level 1 in Maces & Flails
   399 | D:3      | Reached skill level 1 in Polearms
   399 | D:3      | Reached skill level 1 in Staves
   399 | D:3      | Reached skill level 1 in Slings
   399 | D:3      | Reached skill level 1 in Bows
   399 | D:3      | Reached skill level 1 in Crossbows
   399 | D:3      | Reached skill level 1 in Throwing
   399 | D:3      | Reached skill level 1 in Stealth
   399 | D:3      | Reached skill level 1 in Shields
   399 | D:3      | Reached skill level 1 in Unarmed Combat
   399 | D:3      | Reached skill level 1 in Invocations
   399 | D:3      | Reached skill level 1 in Evocations
   492 | D:3      | Reached XP level 4. HP: 38/38 MP: 8/11
   561 | D:2      | Quit the game

Vault maps used:
D:1:      sevenhm_arrival_forest_fort_small_5, grunt_decor_one_mirror
D:2:      lemuel_crystal_altar, serial_undead, serial_undead_f, serial_undead_b,
          serial_undead_e, serial_undead_a, serial_undead_b, serial_undead_f,
          serial_undead_e, serial_undead_c, nicolae_qazlal_style_of_elements,
          uniq_robin, uniq_crazy_yiuf_cottage
D:3:      first_bread, uniq_jessica

Skill      XL: |  1  2  3 |
---------------+----------+-----
Spellcasting   | 5 |  5.0
Short Blades   | 1 |  1.0
Long Blades    | 1 |  1.0
Maces & Flails | 1 |  1.0
Polearms       | 1 |  1.0
Staves         | 1 |  1.0
Slings         | 1 |  1.0
Bows           | 1 |  1.0
Crossbows      | 1 |  1.0
Throwing       | 1 |  1.0
Stealth        | 1 |  1.0
Shields        | 1 |  1.0
Unarmed Combat | 1 |  1.0
Invocations    | 1 |  1.1
Evocations     | 1 |  1.0
Fighting       | |  4.6
Axes           | |  4.6
Armour         | |  2.7
Dodging        | |  4.6
Conjurations   | |  0.8
Hexes          | |  0.8
Charms         | |  5.4
Summonings     | |  0.8
Necromancy     | |  0.8
Translocations | |  0.8
Transmutations | |  0.8
Fire Magic     | |  0.8
Ice Magic      | |  0.8
Air Magic      | |  0.8
Earth Magic    | |  0.8
Poison Magic   | |  0.8

Action                   |  1- 3 |  4- 6 || total
-------------------------+-------+-------++-------
Melee: Hand axe          |    47 |    11 ||    58
       Bite              |     3 |       ||     3
 Cast: Infusion          |     7 |     1 ||     8
       Spectral Weapon   |     1 |       ||     1
 Stab: Sleeping          |     2 |     1 ||     3
Armor: Leather armour    |    12 |     5 ||    17
Dodge: Dodged            |    47 |    18 ||    65

Table legend:
 A = Spawn XP
 B = Non-spawn XP
 C = Spawn XP percentage of total XP
 D = Spawn monster count
 E = Non-spawn monster count
 F = Spawn count percentage of total count
 G = Total turns spent on level
                    A         B        C        D         E        F      G
               +---------+---------+-------+---------+---------+-------+---------
         Total |       0 |      98 |   0.0 |       0 |      33 |   0.0 |   561
               +---------+---------+-------+---------+---------+-------+---------
           D:1 |       0 |      21 |   0.0 |       0 |      12 |   0.0 |   301
           D:2 |       0 |      29 |   0.0 |       0 |      14 |   0.0 |   111
           D:3 |       0 |      48 |   0.0 |       0 |       7 |   0.0 |   149
               +---------+---------+-------+---------+---------+-------+---------

Table legend:
 A = Turns spent in this place as a percentage of turns spent in the entire game.
 B = Non-inter-level travel turns spent in this place as a percentage of non-inter-level travel turns spent in the entire game.
 C = Inter-level travel turns spent in this place as a percentage of turns spent in this place.
 D = Turns resting spent in this place as a percentage of non-inter-level travel turns spent in this place.
 E = Turns spent auto-exploring this place as a percentage of non-inter-level travel turns spent in this place.
 F = Non-inter-level travel turns spent in this place divided by the number of levels of this place that you've seen.
                   A       B       C       D       E      F
               +-------+-------+-------+-------+-------+----------------------
         Total | 100.0 | 100.0 |   0.0 |   0.0 |   0.0 | 187.0
       Dungeon | 100.0 | 100.0 |   0.0 |   0.0 |   0.0 | 187.0
               +-------+-------+-------+-------+-------+----------------------

Table legend:
 A = Kills in this place as a percentage of kills in entire the game.
 B = Kills by you in this place as a percentage of kills by you in the entire game.
 C = Kills by friends in this place as a percentage of kills by friends in the entire game.
 D = Other kills in this place as a percentage of other kills in the entire game.
 E = Experience gained in this place as a percentage of experience gained in the entire game.
 F = Experience gained in this place divided by the number of levels of this place that you have seen.
                   A       B       C       D       E      F
               +-------+-------+-------+-------+-------+----------------------
         Total | 100.0 | 100.0 |   N/A |   N/A | 100.0 |  32.7
       Dungeon | 100.0 | 100.0 |   N/A |   N/A | 100.0 |  32.7
               +-------+-------+-------+-------+-------+----------------------

Vault maps used:
D:1:      sevenhm_arrival_forest_fort_small_5, grunt_decor_one_mirror
D:2:      lemuel_crystal_altar, serial_undead, serial_undead_f, serial_undead_b,
          serial_undead_e, serial_undead_a, serial_undead_b, serial_undead_f,
          serial_undead_e, serial_undead_c, nicolae_qazlal_style_of_elements,
          uniq_robin, uniq_crazy_yiuf_cottage
D:3:      first_bread, uniq_jessica
